 Dungeon Sprint DCSS version 0.28.0-53-g5a82cb258f (webtiles) character file.

Game seed: 2753358194697145956

6717 Zeld the Transmogrifier (level 11, -1/97 HPs)
             Began as an Octopode Transmuter on June 10, 2022.
             Was a High Priest of Sif Muna.
             Slain by a centaur warrior (7 damage)
             ... in the Dungeon (Sprint I: "Red Sonja").
             The game lasted 00:05:44 (4389 turns).

Zeld the Transmogrifier (Octopode Transmuter)       Turns: 4389, Time: 00:05:45

Health: -1/97      AC:  8    Str: 14    XL:     11   Next: 4%
Magic:  25/28      EV: 10    Int: 16    God:    Sif Muna [*****.]
Gold:   858        SH:  0    Dex: 12    Spells: 21/37 levels left

rFire   x . .      SeeInvis .     - Unarmed
rCold   + + +      Faith    .   (shield currently unavailable)
rNeg    . . .      Spirit   .   (helmet currently unavailable)
rPois   +          Reflect  .   (no amulet)
rElec   .          Harm     .   (no ring)
rCorr   .          Rampage  .   (no ring)
Will    .....      NoTele   +   (no ring)
Stlth   +.........              (no ring)
HPRegen 0.26/turn               (no ring)
MPRegen 0.21/turn               (no ring)
                                (no ring)
                                (no ring)

@: ice-form
A: freezing attack, boosted hp, almost no armour, amphibious, 8 rings, large,
(camouflage 1), (gelatinous body 1), (nimble swimmer 1), (tentacles)
a: End Transformation, Renounce Religion, Channel Magic, Forget Spell, Divine
Exegesis


You were in the Dungeon.
You worshipped Sif Muna.
Sif Muna was extremely pleased with you.
You were a creature of crystalline ice.
You visited 1 branch You collected 962 gold pieces.
You spent 104 gold pieces at shops.

Inventory:

Wands
 e - a wand of flame (11)
Scrolls
 g - a scroll of amnesia
 h - 5 scrolls of identify
Potions
 a - 3 potions of curing
 b - 2 potions of might {unknown}
 d - 2 potions of magic
 j - 2 potions of invisibility {unknown}


   Skills:
 + Level 10.3 Fighting
 - Level 2.0 Dodging
 + Level 10.8 Unarmed Combat
 * Level 13.5 Spellcasting
 * Level 14.4 Transmutations
 + Level 8.9 Invocations


You had 21 spell levels left.
You knew the following spells:

 Your Spells              Type           Power      Damage    Failure   Level
a - Beastly Appendage     Tmut           100%       N/A       0%          1
b - Wereblood             Tmut           54%        N/A       1%          2
c - Spider Form           Tmut/Pois      33%        N/A       1%          3
d - Ice Form              Ice/Tmut       33%        N/A       3%          4
f - Statue Form           Tmut/Erth      22%        N/A       45%         6

Your spell library contained the following spells:

 Spells                   Type           Power      Damage    Failure   Level
 Passwall                 Tmut/Erth      27%        N/A       1%          2
 Yara's Violent Unravell  Hex/Tmut       16%        3d8       9%          5
 Summon Guardian Golem    Hex/Summ       10%        N/A       19%         3
 Tukima's Dance           Hex            10%        N/A       19%         3
 Borgnjor's Revivificati  Necr           5%         N/A       100%        8
 Necromutation            Tmut/Necr      16%        N/A       100%        8
 Death's Door             Necr           5%         N/A       100%        9


Dungeon Overview and Level Annotations

Branches:
Dungeon (1/1)

Altars:
Cheibriados
Dithmenos
Elyvilon
Fedhas
Gozag
Hepliaklqana
Kikubaaqudgha
Makhleb
Nemelex Xobeh
Okawaru
Qazlal
Ru
Sif Muna
Trog
Uskayaw
Vehumet
Wu Jian
Xom
Yredelemnul
Zin
The Shining One
Jiyva
Lugonu

Shops:
D [?[


Innate Abilities, Weirdness & Mutations

You are a creature of crystalline ice.
You have a powerful freezing melee attack.
Your maximum health is increased.
Your armour is entirely melded.
You are incapable of wielding weapons or throwing items.
You cannot wear most types of armour.
You are amphibious.
You can wear up to eight rings at the same time.
((Your skin changes colour to match your surroundings (Stealth+).))
((Your rubbery body absorbs attacks. (AC +1, EV +1)))
((You are camouflaged when in or above water. (Stealth+)))
((You have tentacles for arms and can constrict up to eight enemies at once.))


Message History

The centaur warrior shoots an arrow.
The arrow hits you!
Found 17 stones.
There is a shimmering blue altar of Sif Muna here.
You start resting.
A centaur warrior is nearby!
There is an open door here.
The centaur warrior shoots an arrow.
The arrow hits you!
The centaur warrior shoots an arrow.
The arrow hits you!!
There is a shimmering blue altar of Sif Muna, spattered with blood here.
Casting: Ice Form (dangerous; 3% risk of failure)
Confirm with . or Enter, or press ? or * to list all spells.
You turn into a creature of crystalline ice.
The centaur warrior shoots an arrow.
The arrow hits you!
* * * LOW HITPOINT WARNING * * *
The centaur warrior unwields a +0 shortbow.
The centaur warrior barely misses you. x3
The centaur warrior kicks you but does no damage.
There is an open door here.
Okay, then.
You barely miss the centaur warrior. The centaur warrior hits you.
* * * LOW HITPOINT WARNING * * *
The centaur warrior kicks you but does no damage.
You barely miss the centaur warrior. The centaur warrior hits you!
* * * LOW HITPOINT WARNING * * *
The centaur warrior kicks you but does no damage.
You punch the centaur warrior! You freeze the centaur warrior.
The centaur warrior is moderately wounded.
The centaur warrior closely misses you.
The centaur warrior kicks you but does no damage.
Unknown command.
You punch the centaur warrior! You freeze the centaur warrior.
The centaur warrior is heavily wounded.
The centaur warrior hits you.
* * * LOW HITPOINT WARNING * * *
The centaur warrior kicks you but does no damage.
Unknown command.
You hit the centaur warrior. You freeze the centaur warrior.
The centaur warrior is severely wounded.
The centaur warrior hits you!
You die...

################################
#<.#[.').#..'..#__#..)...#..#§..
#..)).#..').#..'..'..#...##'#§##
#..#####'#####'#__####...'.§#§#
#..####..#...#.####§§#####..§.#
#..#__####..##§#c§§§§#. ##+####
#..#_____##'#_.Y§§§..'. #...○.#
#⌠⌠#_.∩...'§)._#≈§≈.§#. #.)○°.+
####_..__##§.#'##§#### ###.°.#
#_____###'#[#.§§(### #○..#
############.####'###)## #°.##
#∩........'...÷.....'(∩# #.°#
###++++####...########## ##'#
###.### #)# #.#'#.# ###


You could see a centaur warrior.

Vanquished Creatures
  A centaur warrior (D)
  Sonja (D)
  A deep troll (D)
  A lindwurm (D)
  A gargoyle (D)
  2 kobold demonologists (D)
  4 demonic crawlers (D)
  A slime creature (D)
  A hornet (D)
  Sigmund (D)
  13 hogs (D)
  A yak (D)
  A floating eye (D)
  An ogre (D)
  A jelly (D)
  Ijyb (D)
  A ballistomycete spore (D)
33 creatures vanquished.

Vanquished Creatures (others)
  A ballistomycete spore (D)
1 creature vanquished.

Grand Total: 34 creatures vanquished

Notes
Turn   | Place    | Note
-------+----------+-------------------------------------------
     0 | D        | Zeld the Octopode Transmuter began the quest for the Orb.
     0 | D        | Reached XP level 1. HP: 13/13 MP: 3/3
     3 | D        | Noticed Ijyb
    13 | D        | Killed Ijyb
    14 | D        | Reached skill level 3 in Transmutations
    14 | D        | Reached XP level 2. HP: 3/20 MP: 1/6
    14 | D        | Reached XP level 3. HP: 4/25 MP: 1/8
    20 | D        | Learned a level 2 spell: Wereblood
    24 | D        | Learned a level 3 spell: Spider Form
   464 | D        | Noticed an ogre
   470 | D        | Killed an ogre
   471 | D        | Reached skill level 5 in Spellcasting
   471 | D        | Reached skill level 5 in Transmutations
   471 | D        | Reached XP level 4. HP: 33/33 MP: 2/11
   642 | D        | Noticed Sigmund
   652 | D        | Killed Sigmund
   653 | D        | Reached skill level 5 in Unarmed Combat
   653 | D        | Reached skill level 7 in Transmutations
   653 | D        | Reached XP level 5. HP: 32/38 MP: 10/14
   653 | D        | Reached XP level 6. HP: 37/45 MP: 10/15
   830 | D        | Found an ornate altar of the Wu Jian Council.
   830 | D        | Found a shimmering blue altar of Sif Muna.
   832 | D        | Found a radiant altar of Vehumet.
   836 | D        | Became a worshipper of Sif Muna the Loreminder
   846 | D        | Reached skill level 5 in Fighting
   852 | D        | Learned a level 4 spell: Ice Form
   959 | D        | Found Keuqitzi's Magic Scroll Emporium.
   959 | D        | Found an ancient bone altar of Kikubaaqudgha.
   959 | D        | Found a hazy altar of Hepliaklqana.
   959 | D        | Found a stormy altar of Qazlal.
   959 | D        | Found a hide-covered altar of Uskayaw.
   959 | D        | Found a blossoming altar of Fedhas.
   959 | D        | Found a bloodstained altar of Trog.
   959 | D        | Found an iron altar of Okawaru.
   959 | D        | Found a basalt altar of Yredelemnul.
   959 | D        | Found a glowing golden altar of the Shining One.
   959 | D        | Found a snail-covered altar of Cheibriados.
   959 | D        | Found a sacrificial altar of Ru.
   959 | D        | Found a glowing silver altar of Zin.
   959 | D        | Found a shadowy altar of Dithmenos.
   959 | D        | Found a white marble altar of Elyvilon.
   959 | D        | Noticed a yak
   964 | D        | Killed a yak
   965 | D        | Reached skill level 8 in Transmutations
   965 | D        | Reached XP level 7. HP: 24/51 MP: 14/18
   965 | D        | Found an opulent altar of Gozag.
   966 | D        | Found a sparkling altar of Nemelex Xobeh.
  1125 | D        | Bought a scroll of identify for 26 gold pieces
  1125 | D        | Bought a scroll of identify for 26 gold pieces
  1125 | D        | Bought a scroll of identify for 26 gold pieces
  1125 | D        | Bought a scroll of identify for 26 gold pieces
  1325 | D        | Found a burning altar of Makhleb.
  1325 | D        | Found a viscous altar of Jiyva.
  1325 | D        | Found a shimmering altar of Xom.
  1325 | D        | Found a corrupted altar of Lugonu.
  1325 | D        | Noticed a slime creature
  1343 | D        | Killed a slime creature
  1343 | D        | Reached * piety under Sif Muna
  1344 | D        | Reached skill level 9 in Transmutations
  1566 | D        | Noticed a kobold demonologist
  1567 | D        | Noticed a kobold demonologist
  1570 | D        | Reached skill level 1 in Invocations
  1574 | D        | Noticed an orange demon
  1576 | D        | Noticed an orange demon
  1582 | D        | Killed a kobold demonologist
  1583 | D        | Reached skill level 10 in Transmutations
  1583 | D        | Reached XP level 8. HP: 29/60 MP: 15/21
  1590 | D        | Killed a kobold demonologist
  1590 | D        | Reached ** piety under Sif Muna
  1818 | D        | Noticed Sonja
  1836 | D        | Killed Sonja
  1837 | D        | Reached skill level 10 in Spellcasting
  1837 | D        | Reached skill level 11 in Transmutations
  1837 | D        | Reached skill level 5 in Invocations
  1837 | D        | Reached XP level 9. HP: 35/66 MP: 21/23
  2280 | D        | Noticed a deep troll
  2289 | D        | Killed a deep troll
  2290 | D        | Reached skill level 12 in Transmutations
  2369 | D        | Found Wuheg's Armour Emporium.
  2576 | D        | Found Hulial's Antique Armour Boutique.
  2618 | D        | Noticed a demonic crawler
  2618 | D        | Noticed a demonic crawler
  2618 | D        | Noticed a demonic crawler
  2618 | D        | Noticed a demonic crawler
  2632 | D        | Killed a demonic crawler
  2634 | D        | Killed a demonic crawler
  2634 | D        | Reached *** piety under Sif Muna
  2638 | D        | Killed a demonic crawler
  2639 | D        | Noticed a gargoyle
  2658 | D        | Killed a demonic crawler
  2659 | D        | Reached XP level 10. HP: 23/74 MP: 20/25
  2665 | D        | Killed a gargoyle
  2665 | D        | Reached **** piety under Sif Muna
  2666 | D        | Reached skill level 13 in Transmutations
  2988 | D        | Noticed a centaur warrior
  3486 | D        | Noticed a lindwurm
  3493 | D        | Killed a lindwurm
  3494 | D        | Reached skill level 10 in Unarmed Combat
  3514 | D        | Reached ***** piety under Sif Muna
  3514 | D        | Received a gift from Sif Muna
  3523 | D        | Reached skill level 14 in Transmutations
  3526 | D        | Reached skill level 10 in Fighting
  3546 | D        | Got Sif Muna's Volume of Beguiling and the Mountains {god
                  | gift}
  3557 | D        | Learned a level 6 spell: Statue Form
  4125 | D        | Killed a centaur warrior
  4125 | D        | Received a gift from Sif Muna
  4126 | D        | Reached XP level 11. HP: 73/81 MP: 25/28
  4378 | D        | Noticed a centaur warrior
  4389 | D        | Slain by a centaur warrior

Illustrated notes

Levels and vault maps discovered:
D:        dungeon_sprint_1 [red_sonja_temple_1, red_sonja_temple_small_1]

Skill      XL: |  1  2  3  4  5  6  7  8  9 10 |
---------------+-------------------------------+-----
Fighting       | 2 3 4 5 7 9 10 | 10.3
Spellcasting   | 3 5 6 8 9 10 11 13 | 13.5
Transmutations | 3 5 7 8 10 11 12 14 | 14.4
Unarmed Combat | 4 5 6 7 8 9 10 | 10.8
Invocations    | 2 5 6 8 |  8.9
Dodging        | |  2.0

Action                   |  1- 3 |  4- 6 |  7- 9 | 10-12 || total
-------------------------+-------+-------+-------+-------++-------
Melee: Unarmed           |    10 |    15 |    38 |    51 ||   114
       Kick              |     3 |       |       |       ||     3
       Constrict         |     1 |       |       |       ||     1
       Tentacles         |     1 |       |       |       ||     1
 Cast: Beastly Appendage |     2 |       |       |       ||     2
       Spider Form       |     1 |     3 |     1 |       ||     5
       Ice Form          |       |       |     4 |     8 ||    12
       Wereblood         |       |       |     1 |     2 ||     3
Evoke: Wand              |       |       |    26 |       ||    26
  Use: Potion            |     1 |       |     3 |       ||     4
       Scroll            |       |       |     2 |       ||     2
 Stab: Sleeping          |       |       |     1 |       ||     1
       Confused          |       |       |       |     1 ||     1
Armor: Skin              |       |       |    12 |    14 ||    26
Dodge: Dodged            |     4 |    10 |    39 |    19 ||    72
